 Dungeon Crawl Stone Soup version 0.31-a0-182-gc5ef74bbde (webtiles) character file.

Game seed: 5406055553020348506

106 gelatine the Chopper (level 4, -4/34 HPs)
             Began as a Demonspawn Gladiator on June 20, 2023.
             Killed by nerve-wracking pain
             ... invoked by Grinder
              (7 damage)
             ... on level 3 of the Dungeon.
             The game lasted 00:03:53 (1853 turns).

gelatine the Chopper (Demonspawn Gladiator)         Turns: 1853, Time: 00:03:55

Health: -4/34      AC: 12    Str: 16    XL:     4   Next: 55%
Magic:  4/4        EV: 10    Int:  9    God:
Gold:   99         SH:  0    Dex: 15    Spells: 3/3 levels left

rFire   . . .        a - +0 war axe
rCold   . . .        (no shield)
rNeg    . . .        t - +3 scale mail {rPois}
rPois   +            c - +0 helmet
rElec   .            l - +0 cloak
rCorr   .            v - +0 pair of gloves
SInv    .            (no boots)
Will    .....        (no amulet) Stlth
                     (no ring)
HPRegen 0.25/turn    (no ring)
MPRegen 0.18/turn

%: no passive effects
@: no status effects
A: hooves 1, magic regeneration
a: no special abilities


You were on level 3 of the Dungeon.
You visited 1 branch of the dungeon, and saw 3 of its levels.

You collected 99 gold pieces.

Inventory:

Hand Weapons
 a - a +0 war axe (weapon)
Missiles
 e - a javelin
 k - 8 poisoned darts
Armour
 c - a +0 helmet (worn)
 l - a +0 cloak (worn)
 t - a +3 scale mail of poison resistance (worn)
 v - a +0 pair of gloves (worn)
Wands
 s - a wand of polymorph (6) (quivered)
Scrolls
 f - a scroll of poison {unknown}
 i - a scroll of blinking {unknown}
 m - 2 scrolls of identify {unknown}
 o - a scroll of torment {unknown}
 p - 2 scrolls of teleportation {unknown}
 u - a scroll of vulnerability {unknown}
Potions
 g - a potion of enlightenment {unknown}
 h - a potion of heal wounds {unknown}
 n - a potion of might {unknown}
 q - a potion of degeneration {unknown}
 r - a potion of invisibility {unknown}


   Skills:
 * Level 2.7 Fighting
 * Level 3.6 Axes
 * Level 2.0 Throwing
 * Level 1.0 Armour
 * Level 3.1 Dodging
 * Level 0.9 Stealth


You had 3 spell levels left.
You didn't know any spells.
Your spell library contained the following spells:

 Spells                   Type           Power      Damage    Failure   Level
 Portal Projectile        Hex/Tloc       0%         N/A       99%         3
 Tukima's Dance           Hex            0%         N/A       99%         3
 Blade Hands              Tmut           0%         N/A       100%        5


Dungeon Overview and Level Annotations

Branches:
Dungeon (3/15)

Altars:
Dithmenos

Annotations:
D:3 Grinder


Innate Abilities, Weirdness & Mutations

You have large cloven feet.
You regenerate magic rapidly.


Message History

Grinder says, "I used to sell toenails on the black market."
Grinder struggles against the net.
Grinder blinks!
Nothing quivered!
You throw an atropa-tipped dart. The atropa-tipped dart hits Grinder.
Grinder resists.
Grinder is lightly wounded.
You throw an atropa-tipped dart. The atropa-tipped dart hits Grinder.
Grinder appears confused.
Grinder is lightly wounded.
You throw an atropa-tipped dart. The atropa-tipped dart hits Grinder.
Grinder resists.
Grinder is lightly wounded.
You throw an atropa-tipped dart.
The atropa-tipped dart barely misses Grinder.
Grinder seems less confused.
Grinder says, "My boss said I was rubbish.
His entrails said otherwise."
Grinder zaps a wand.
The puff of flame hits you but does no damage.
You closely miss Grinder. You kick Grinder.
Grinder is lightly wounded.
Grinder is no longer blind.
Grinder gestures at you.
You suddenly lose the ability to move!
Grinder hits you.
You writhe in agony.
Grinder gestures at you.
You shrug off the repeated paralysis!
You can move again.
You barely miss Grinder. Your kick misses Grinder.
Grinder is lightly wounded.
Grinder hits you.
You writhe in agony.
You hit Grinder.
Grinder is lightly wounded.
Grinder hits you.
You writhe in agony.
You slash Grinder! Your kick misses Grinder.
Grinder is moderately wounded.
Grinder gestures at you. Pain shoots through your body!
* * * LOW HITPOINT WARNING * * *
Grinder gestures at you. Pain shoots through your body!
You die...

.# .# ###.### ##+##
######.....#
##((.####.....††#..#
##.....#........###..
##........#..##..###..
#....5....#..###..#..#
+....@....+...##.....#
#.....................
##(......#..##........
##.....##.####..._...
##...###..##........
##+## #............
###..##.....#
#.###..#[.#
#.##..###..


You could see Grinder.

Vanquished Creatures
  Ijyb (D:3)
  An adder (D:2)
  A worm (D:2)
  3 dart slugs
  An orc (D:3)
  3 ball pythons
  2 bats
  7 endoplasms
  3 giant cockroaches
  6 goblins
  4 hobgoblins
  13 jackals
  2 kobolds
  2 quokkas (D:2)
  A frilled lizard (D:2)
  5 rats
55 creatures vanquished.

Notes
Turn   | Place    | Note
-------+----------+-------------------------------------------
     0 | D:1      | gelatine the Demonspawn Gladiator began the quest for the
                  | Orb.
     0 | D:1      | Reached XP level 1. HP: 16/16 MP: 1/1
    74 | D:1      | Discovered your monstrous ancestry.
    74 | D:1      | Gained mutation: You have large cloven feet. [demonic
                  | ancestry]
    74 | D:1      | Reached XP level 2. HP: 22/22 MP: 2/2
   490 | D:1      | Reached XP level 3. HP: 27/28 MP: 3/3
  1461 | D:2      | Found a faded altar of an unknown god.
  1608 | D:3      | Gained mutation: You regenerate magic rapidly. [demonic
                  | ancestry]
  1608 | D:3      | Reached XP level 4. HP: 32/34 MP: 4/4
  1644 | D:3      | Noticed Ijyb
  1669 | D:3      | Killed Ijyb
  1766 | D:3      | Reached skill level 1 in Armour
  1803 | D:3      | Found a shadowy altar of Dithmenos.
  1835 | D:3      | Noticed Grinder
  1849 | D:3      | Paralysed by Grinder for 2 turns
  1853 | D:3      | Killed from afar by Grinder

Illustrated notes

Levels and vault maps discovered:
D:1:      wander_arrival_desolate, layout_loops_ring, kennysheep_doodads
D:2:      layout_loops_ring, shapermc_ecumenical_altar_hornbeckon, minivault_5,
          grunt_decor_one_mirror
D:3:      layout_loops_corners, nicolae_dithmenos_shadow_blocks,
          item_on_display_a, uniq_grinder, uniq_ijyb, uniq_sigmund

Skill      XL: |  1  2  3  4 |
---------------+-------------+-----
Dodging        | 3 |  3.1
Axes           | 3 |  3.6
Throwing       | 2 |  2.0
Armour         | 1 |  1.0
Fighting       | |  2.7
Stealth        | |  0.9

Action                     |  1- 3 |  4- 6 || total
---------------------------+-------+-------++-------
  Melee: War axe           |    96 |    55 ||   151
         Kick              |    28 |     8 ||    36
  Throw: Dart              |       |     4 ||     4
         Throwing net      |       |     4 ||     4
   Stab: Sleeping          |     1 |       ||     1
 Armour: Leather armour    |    28 |     2 ||    30
         Scale mail        |       |    19 ||    19
         Skin              |       |    13 ||    13
  Dodge: Dodged            |    74 |    20 ||    94

Table legend: (Time is in decaauts)
 A = Elapsed time spent in this place.
 B = Non-inter-level travel time spent in this place.
 C = Inter-level travel time spent in this place.
 D = Time resting spent in this place.
 E = Time spent auto-exploring this place.
 F = Levels seen in this place.
 G = Mean time per level.
                   A        B        C        D        E       F      G
               +--------+--------+--------+--------+--------+-----+--------+
         Total |   1906 |   1808 |     98 |      0 |   1294 |   3 |  635.3 |
       Dungeon |   1906 |   1808 |     98 |      0 |   1294 |   3 |  635.3 |
               +--------+--------+--------+--------+--------+-----+--------+

Top non-repeatable levels by time:
     D:2: 823 daAuts
     D:1: 806 daAuts
     D:3: 276 daAuts
